 Dungeon Crawl Stone Soup version 0.26-a0-737-g4e9f4955e2 (webtiles) character file.

Game seed: 4039631924085335067

72 g3ss the Bolt Thrower (level 4, -2/27 HPs)
             Began as a Kobold Hunter on Nov 5, 2020.
             Was an Initiate of Ashenzari.
             Slain by an ice beast (9 damage)
             ... on level 3 of the Dungeon.
             The game lasted 00:11:31 (2670 turns).

g3ss the Bolt Thrower (Kobold Hunter)               Turns: 2670, Time: 00:11:34

Health: -2/27      AC:  3    Str:  9    XL:     4   Next: 50%
Magic:  4/4        EV: 15    Int: 12    God:    Ashenzari [......]
Gold:   97         SH:  0    Dex: 16    Spells: 3/3 levels left

rFire    . . .     SeeInvis .   a - +1 hand crossbow
rCold    . . .     Faith    .   (shield restricted)
rNeg     . . .     Spirit   .   c - +0 leather armour
rPois    .         Reflect  .   (no helmet)
rElec    .         Harm     .   (no cloak)
rCorr    .         Rampage  .   (no gloves)
MR       .....                  (no boots)
Stlth    +++.......             (no amulet)
HPRegen  0.09/turn              (no ring)
MPRegen  0.09/turn              (no ring)

@: no status effects
A: small, nightstalker 3
a: Curse Item, Renounce Religion


You were on level 3 of the Dungeon.
You worshipped Ashenzari.
Ashenzari was noncommittal.
You visited 1 branch of the dungeon, and saw 3 of its levels.

You collected 97 gold pieces.

Inventory:

Hand Weapons
 a - a +1 hand crossbow (weapon)
 b - a +0 short sword
 e - a +0 dagger
 g - a +0 vampiric dagger
 m - a +0 short sword
 o - a +0 quarterstaff
 t - a +0 short sword
 w - a +0 dagger
 x - a +0 hunting sling
 y - a +0 short sword
 B - a +1 whip of freezing
Missiles
 d - 37 bolts (quivered)
 h - 93 stones
 s - 7 boomerangs
Armour
 c - a +0 leather armour (worn)
 u - a +0 robe
 v - a +0 ring mail
Jewellery
 A - an uncursed ring of protection from cold
Scrolls
 j - a scroll of blinking
 p - a scroll of identify {unknown}
 q - a scroll of noise
 r - a scroll of fear {unknown}
Potions
 f - a potion of curing
 i - a potion of might
 k - 2 potions of stabbing {unknown}
 l - a potion of magic {unknown}
 n - a potion of lignification {unknown}
 z - a potion of degeneration {unknown}


   Skills:
 + Level 2.4 Fighting
 + Level 6.2 Crossbows
 + Level 1.0 Armour
 + Level 2.5 Dodging
 + Level 1.7 Stealth


You had 3 spell levels left.
You didn't know any spells.
Your spell library was empty.

Dungeon Overview and Level Annotations

Branches:
Dungeon (3/15)

Altars:
Ashenzari
Xom


Innate Abilities, Weirdness & Mutations

You are small and have problems with some larger weapons.
You are completely attuned to the shadows.


Message History

Aim: an ice beast (lightly wounded)
You shoot a bolt. The bolt barely misses the ice beast.
The ice beast hits you. The ice beast freezes you! The ice beast hits you.
The ice beast freezes you.
You open the door.
A hobgoblin comes into view. It is wielding a +0 club.
The ice beast hits you but does no damage.
There is an open door here.
Firing (i - inventory. (/) - cycle)
d - 38 bolts (quivered)
Press: ? - help, Shift-Dir - straight line, f/p - ice beast
Aim: an ice beast (lightly wounded)
You shoot a bolt.
The bolt hits the ice beast but does no damage.
The ice beast is lightly wounded.
The hobgoblin shouts!
You hear a shout!
You hear a bark!
You hear an angry hiss.
A jackal comes into view.
The ice beast hits you.
* * * LOW HITPOINT WARNING * * *
The ice beast freezes you!
You die...

#....
#.##. #.
#. #.. #.
#... ##
##.... ..
.####....<
..
...g@Y..((
..
h####.....
.. ##....
. #... #..
#+


You could see an ice beast, a jackal (wandering) and a hobgoblin.

Vanquished Creatures
  A worker ant (D:3)
  A dart slug (D:1)
  2 leopard geckos (D:3)
  A ball python (D:1)
  2 giant cockroaches (D:2)
  9 goblins
  A hobgoblin (D:2)
  5 bats
  4 frilled lizards
  8 kobolds
  10 rats
44 creatures vanquished.

Notes
Turn   | Place    | Note
-------+----------+-------------------------------------------
     0 | D:1      | g3ss the Kobold Hunter began the quest for the Orb.
     0 | D:1      | Reached XP level 1. HP: 12/12 MP: 1/1
    75 | D:1      | Reached skill level 5 in Crossbows
   144 | D:1      | Reached XP level 2. HP: 15/17 MP: 2/2
   966 | D:2      | Found a broken altar of Ashenzari.
   975 | D:2      | Became a worshipper of Ashenzari the Shackled
  1015 | D:2      | Reached XP level 3. HP: 21/21 MP: 3/3
  1189 | D:2      | Found a shimmering altar of Xom.
  1369 | D:2      | Found a faded altar of an unknown god.
  2164 | D:2      | You fall into a shaft and drop 1 floor!
  2197 | D:3      | Reached skill level 6 in Crossbows
  2197 | D:3      | Reached XP level 4. HP: 16/27 MP: 4/4
  2605 | D:3      | Reached skill level 1 in Armour
  2664 | D:3      | Noticed an ice beast
  2670 | D:3      | Slain by an ice beast

Illustrated notes

Levels and vault maps discovered:
D:1:      ncdulo_watergridlock, layout_basic
D:2:      layout_basic, nicolae_overflow_hidden_temple,
          lemuel_coloured_pillars_altar, chequers_ecumenical_altar_lobes,
          lemuel_old_faithful
D:3:      layout_loops_corners, gammafunk_temple_overflow_statue, minmay_between

Skill      XL: |  1  2  3  4 |
---------------+-------------+-----
Crossbows      | 5 6 |  6.2
Armour         | 1 |  1.0
Fighting       | |  2.4
Dodging        | |  2.5
Stealth        | |  1.7

Action                   |  1- 3 |  4- 6 || total
-------------------------+-------+-------++-------
 Fire: Hand crossbow     |    65 |    31 ||    96
  Use: Scroll            |     3 |       ||     3
       Potion            |     2 |     1 ||     3
Armor: Leather armour    |     6 |     3 ||     9
Dodge: Dodged            |    30 |    13 ||    43

Table legend: (Time is in decaauts)
 A = Elapsed time spent in this place.
 B = Non-inter-level travel time spent in this place.
 C = Inter-level travel time spent in this place.
 D = Time resting spent in this place.
 E = Time spent auto-exploring this place.
 F = Levels seen in this place.
 G = Mean time per level.
                   A        B        C        D        E       F      G
               +--------+--------+--------+--------+--------+-----+--------+
         Total |   2691 |   2691 |      0 |    134 |    873 |   3 |  897.0 |
       Dungeon |   2691 |   2691 |      0 |    134 |    873 |   3 |  897.0 |
               +--------+--------+--------+--------+--------+-----+--------+

Top non-repeatable levels by time:
     D:2: 1268 daAuts
     D:1: 909 daAuts
     D:3: 512 daAuts
